 Dungeon Crawl Stone Soup version 0.29.1-15-g9cfb28693d (webtiles) character file.

Game seed: 7047748600427331500

193 McKennaii the Digger (level 5, 0/38 HPs)
             Began as a Demigod Earth Elementalist on Feb 24, 2023.
             Succumbed to a water moccasin's poison
             ... on level 3 of the Dungeon.
             The game lasted 00:03:34 (3009 turns).

McKennaii the Digger (Demigod Earth Elementalist)   Turns: 3009, Time: 00:03:34

Health: 0/38       AC:  2    Str:  9    XL:     5   Next: 19%
Magic:  2/12       EV: 12    Int: 21    God:
Gold:   225        SH:  0    Dex: 14    Spells: 6/10 levels left

rFire   . . .      SeeInvis .   (no weapon)
rCold   . . .      Faith    .   (no shield)
rNeg    . . .      Spirit   .   a - +0 robe
rPois   .          Reflect  .   (no helmet)
rElec   +          Harm     .   (no cloak)
rCorr   .          Rampage  .   (no gloves)
Will    .....                   (no boots)
Stlth   +.........              (no amulet)
HPRegen 0.12/turn               (no ring)
MPRegen 0.13/turn               (no ring)

@: brilliant, lethally poisoned (0 -> -6), silenced, very slightly contaminated,
hasted, very quick
A: high MP 1, forlorn, divine attributes, electricity resistance
a: no special abilities


You were on level 3 of the Dungeon.
You visited 1 branch of the dungeon, and saw 4 of its levels.

You collected 225 gold pieces.

Inventory:

Armour
 a - a +0 robe (worn)
Scrolls
 e - a scroll of immolation
 i - a scroll of identify
 j - a scroll of amnesia {unknown}
 n - a scroll of fear {unknown}
 o - 3 scrolls of fog {unknown}
 p - a scroll of blinking {unknown}
 q - a scroll of enchant weapon {unknown}
 r - a scroll of noise {unknown}
Potions
 b - a potion of magic
 d - 2 potions of brilliance
 h - a potion of cancellation {unknown}
 k - a potion of ambrosia {unknown}
 l - a potion of might {unknown}
 m - a potion of lignification {unknown}


   Skills:
 - Level 1.7 Dodging
 - Level 1.7 Stealth
 + Level 3.1 Spellcasting
 + Level 0.4 Conjurations
 - Level 2.7 Transmutations
 + Level 3.9 Earth Magic


You had 6 spell levels left.
You knew the following spells:

 Your Spells              Type           Power      Damage    Failure   Level
a - Sandblast             Erth           58%        2d13      2%          1
b - Stone Arrow           Conj/Erth      36%        3d9       16%         3

Your spell library contained the following spells:

 Spells                   Type           Power      Damage    Failure   Level
 Passwall                 Tmut/Erth      20%        N/A       4%          2
 Petrify                  Tmut/Erth      25%        N/A       32%         4
 Gell's Gravitas          Tloc           4%         N/A       36%         3
 Teleport Other           Tloc           4%         N/A       36%         3
 Dispersal                Tloc           2%         N/A       100%        6


Dungeon Overview and Level Annotations

Branches:
Dungeon (4/15)
 Temple: D:4-7

Annotations:
D:3 1 runed translucent door, Crazy Yiuf


Innate Abilities, Weirdness & Mutations

You have an increased reservoir of magic. (+10% MP)
You shall have no god before yourself.
Your divine heritage dramatically boosts your attributes as you level up.
You are resistant to electric shocks. (rElec)


Message History

Unknown command.
Casting: Sandblast (safe; 2% risk of failure)
Confirm with . or Enter, or press ? or * to list all spells.
Aiming: Sandblast (safe; 2% risk of failure)
Press: ? - help, Shift-Dir - straight line, f/p - water moccasin
Aim: a water moccasin (70% to hit)
The blast of sand hits the water moccasin!
The water moccasin is heavily wounded.
The jackal closely misses you. The water moccasin bites you.
You are poisoned.
The water moccasin poisons you! The jackal barely misses you.
The water moccasin bites you.
As you read the scroll labelled FYXIFUKL ALUMNE, it crumbles to dust.
It is a scroll of identify.
e - a scroll of immolation You feel very sick.
The jackal misses you. The water moccasin barely misses you.
The jackal barely misses you.
As you read the scroll labelled SETUSM HOBA, it crumbles to dust.
A profound silence engulfs you.
It was a scroll of silence.
You feel very sick. The water moccasin barely misses you.
The jackal closely misses you. The water moccasin barely misses you.
Magic scrolls do not work when you're silenced!
It was a potion of brilliance.
You feel clever all of a sudden.
You feel very sick. The jackal barely misses you. The water moccasin bites you.
* * * LOW HITPOINT WARNING * * *
It was a potion of mutation.
You feel extremely strange.
You feel insulated.
* * * LOW HITPOINT WARNING * * *
You feel sick. The jackal bites you.
* * * LOW HITPOINT WARNING * * *
The water moccasin closely misses you. The jackal misses you.
The water moccasin bites you.
* * * LOW HITPOINT WARNING * * *
Unknown command.
It was a potion of haste.
You feel yourself speed up.
You die...

#...........>..............#
#.....###...#.####.....#####
##...###...#÷.###.......####
##..###<.................[#
#...........###..###..##.#
#..####..........# #.###.###
##.## #..#######.###.......#
#..# ###..#######.....###.#.#
#.## #.........@#...### #.#>#
#.# #........hS#...# #.#÷# #.#
#..........#...# #.#.# #.#
#..........#...#####...#### #.#
#.......................... #.#
#.........###..#######.####
#.####.........###..## #.#
#....................# #.#
######.).......###...######.####


You could see a water moccasin and a jackal.

Vanquished Creatures
  A phantom (D:3)
  An iguana (D:3)
  3 adders
  An ufetubus (D:3)
  A worm (D:3)
  A dart slug (D:1)
  An orc (D:3)
  2 bats (D:1)
  9 endoplasms
  2 giant cockroaches
  8 goblins
  3 hobgoblins
  6 kobolds
  A quokka (D:1)
  4 ball pythons
  2 frilled lizards
  10 rats
56 creatures vanquished.

Vanquished Creatures (others)
  2 plants (D:2)
2 creatures vanquished.

Grand Total: 58 creatures vanquished

Notes
Turn   | Place    | Note
-------+----------+-------------------------------------------
     0 | D:1      | McKennaii the Demigod Earth Elementalist began the quest
                  | for the Orb.
     0 | D:1      | Reached XP level 1. HP: 14/14 MP: 5/5
    19 | D:1      | Reached skill level 1 in Transmutations
   139 | D:1      | Reached XP level 2. HP: 20/20 MP: 2/7
  1265 | D:2      | Reached XP level 3. HP: 26/26 MP: 7/9
  1294 | D:2      | Learned a level 3 spell: Stone Arrow
  1779 | D:3      | Noticed a phantom
  1795 | D:3      | Killed a phantom
  1796 | D:3      | Reached XP level 4. HP: 25/33 MP: 3/11
  2505 | D:3      | Reached XP level 5. HP: 38/38 MP: 10/12
  2641 | D:3      | Found a runed translucent door.
  2642 | D:3      | Noticed Crazy Yiuf
  2997 | D:4      | Noticed a water moccasin
  3008 | D:3      | Gained mutation: You are resistant to electric shocks.
                  | (rElec) [potion of mutation]
  3008 | D:3      | HP: 1/38 [water moccasin (3)]
  3009 | D:3      | Succumbed to a water moccasin's poison

Illustrated notes

Levels and vault maps discovered:
D:1:      co_arrival_random_square_maze, layout_basic, st_stairs_12
D:2:      layout_loops_corners, dilly_ecumenical_altar_fadedgnrine
D:3:      layout_loops_ring, fiery_altar_vehumet, uniq_crazy_yiuf_cottage
D:4:      layout_cave_pods, kiku_gazebo_garden_becter

Skill      XL: |  1  2  3  4 |
---------------+-------------+-----
Transmutations | 1 2 |  2.7
Spellcasting   | 2 3 |  3.1
Earth Magic    | 3 |  3.9
Dodging        | |  1.7
Stealth        | |  1.7
Conjurations   | |  0.4

Action                   |  1- 3 |  4- 6 || total
-------------------------+-------+-------++-------
Melee: Unarmed           |     8 |     5 ||    13
 Cast: Sandblast         |    58 |    33 ||    91
       Stone Arrow       |       |     1 ||     1
  Use: Potion            |       |     3 ||     3
       Scroll            |       |     2 ||     2
Armor: Robe              |     8 |     7 ||    15
Dodge: Dodged            |    15 |    34 ||    49
